 Dungeon Crawl Stone Soup version 0.30-a0-1160-g6e42c06551 (webtiles) character file.

Game seed: 9153036743236947331

10 kae the Insei (level 2, 0/22 HPs)
             Began as a Demigod Transmuter on Apr 25, 2023.
             Slain by an adder (4 damage)
             ... on level 2 of the Dungeon.
             The game lasted 00:00:18 (463 turns).

kae the Insei (Demigod Transmuter)                   Turns: 463, Time: 00:00:18

Health: 0/22       AC:  2    Str: 11    XL:     2   Next: 0%
Magic:  6/7        EV: 12    Int: 15    God:
Gold:   19         SH:  0    Dex: 14    Spells: 4/5 levels left

rFire   . .          .
                       - Unarmed
rCold   . . .        (no shield)
rNeg    . . .        a - +0 robe
rPois   .            (helmet currently unavailable)
rElec   .            (no cloak)
rCorr   .            (no gloves)
SInv    .            (boots currently unavailable)
Will    .....        (no amulet)
Stlth   +            (no ring)
HPRegen 0.23/turn    (no ring)
MPRegen 0.10/turn

%: no passive effects
@: lethally poisoned (0 -> -6), appendages
A: horns 2, talons 2, high MP 1, forlorn, divine attributes
a: End Transformation


You were on level 2 of the Dungeon.
You had temporarily grown beastly horns and talons.
You visited 1 branch of the dungeon, and saw 2 of its levels.

You collected 19 gold pieces.


Innate Abilities, Weirdness & Mutations

You have temporarily grown beastly horns and talons.
You have an increased reservoir of magic. (+10% MP)
You shall have no god before yourself.
Your divine heritage dramatically boosts your attributes as you level up.


   Skills:
 - Level 0.8 Fighting
 - Level 1.7 Dodging
 - Level 2.6 Unarmed Combat
 + Level 2.1 Spellcasting
 + Level 2.2 Transmutations


You had 4 spell levels left.
You knew the following spells:

 Your Spells              Type           Power      Damage    Failure   Level
a - Beastly Appendage     Tmut           16%        N/A       9%          1

Your spell library contained the following spells:

 Spells                   Type           Power      Damage    Failure   Level
 Wereblood                Tmut           8%         N/A       13%         2
 Spider Form              Tmut/Pois      4%         N/A       38%         3
 Ice Form                 Ice/Tmut       4%         N/A       80%         4

Inventory:

Missiles
 e - 13 stones
Armour
 a - a +0 robe (worn)
Scrolls
 c - a scroll of identify {unknown}
 d - 3 scrolls of teleportation {unknown}
Potions
 b - a potion of lignification {!q}
 f - a potion of heal wounds {unknown}

Dungeon Overview and Level Annotations

Branches:
Dungeon (2/15) Zot: 11538

.. .♣ ♣ #♣♣♣
.. .♣ ...♣
♣. ♣♣.♣
#♣.♣♣
♣.♣...♣
#♣..♣♣♣
....S♣♣
#♣♣...♣♣♣♣
♣.....♣ #
♣♣.♣.♣.♣♣
♣S♣ #
♣♣♣♣...♣♣♣
♣@♣ #
♣♣♣.♣.♣♣♣♣.♣
# ♣..♣.♣♣.♣♣
♣..♣♣...♣♣
♣.♣♣♣♣♣♣♣
♣.. ♣.♣♣ ♣.
♣


You could see an adder.


Message History

You take 3 damage, and now have 11/15 hp.
A kobold is nearby!
You miss the kobold.
The kobold hits you with a +0 short sword.
You are too injured to fight recklessly! 😮 HP[-1]
You take 1 damage, and now have 10/15 hp.
A kobold is nearby!
Unknown command.
A kobold is nearby!
You are too injured to fight recklessly!
You are too injured to fight recklessly!
You hit the kobold.
You kill the kobold! 😮 HP[+1]
e - 5 stones
Things that are here:
a +0 short sword; a kobold corpse 😮 MP[+1]
Your mp is fully restored (5).
Your horns disappear.
Your talons disappear.
Unknown command.
Things that are here:
a +0 short sword; a kobold corpse
e - 11 stones (gained 6)
Found a stone staircase leading down. 😎 HP[+4]
Your hp is fully restored (15).
Unknown command.
A sourceless malevolence fills the Dungeon...
You fall into a shaft and drop 1 floor!
The shaft crumbles and collapses.
Found a stone staircase leading up.
d - 3 scrolls labelled YHIKIC BUATOJ (gained 1) Key pressed, stopping explore.
Unknown command.
f - a cyan potion
e - 13 stones (gained 2)
A ball python comes into view.
A ball python is nearby!
A ball python is nearby!
Casting: Beastly Appendage (safe; 9% risk of failure)
Confirm with . or Enter, or press ? or * to list all spells.
You grow a pair of large bovine horns.
Your feet morph into talons.
The ball python hisses angrily.
The ball python bites you.
The ball python closely misses you. 😕 HP[-2] MP[-1]
You take 2 damage, and now have 13/15 hp.
You lost 1 mp, and now have 4/5 mp.
You hit the ball python.
You kill the ball python!
You have reached level 2! 😕 HP[+7]
You now have 22 max hp (+7).
You regained 7 hp, and now have 20/22 hp.
Your transformation is almost over.
Your horns disappear.
Your talons disappear.
An adder comes into view.
The adder hisses angrily. 😎 HP[+2] MP[+3]
Your hp is fully restored (22).
Your mp is fully restored (7).
An adder is nearby!
An adder is nearby!
An adder is nearby!
An adder comes into view.
The adder bites you. 😕 HP[-4]
You take 4 damage, and now have 18/22 hp.
Casting: Beastly Appendage (safe; 9% risk of failure)
Confirm with . or Enter, or press ? or * to list all spells.
You grow a pair of large bovine horns.
Your feet morph into talons.
The adder bites you.
You are poisoned.
The adder poisons you!
You feel sick. The adder bites you.
The adder barely misses you. 😮 HP[-4] MP[-1]
You take 4 damage, and now have 14/22 hp.
You lost 1 mp, and now have 6/7 mp.
You feel sick. 😮 HP[-1]
You take 1 damage, and now have 13/22 hp.
You closely miss the adder. Your kick misses the adder.
Your punch misses the adder.
You feel sick. The adder bites you.
* * * LOW HITPOINT WARNING * * *
😨 HP[-3]
You take 3 damage, and now have 10/22 hp.
Unknown command.
You hit the adder.
You feel sick.
The adder bites you but does no damage. 😨 HP[-1]
You take 1 damage, and now have 9/22 hp.
You barely miss the adder. Your kick misses the adder.
You feel sick. The adder bites you but does no damage.
You miss the adder. Your kick misses the adder. Your headbutt misses the adder.
You feel sick.
You are no longer poisoned.
The adder bites you.
* * * LOW HITPOINT WARNING * * *
You are lethally poisoned!
The adder poisons you! The adder bites you.
You die...

Skill      XL: |  1 |
---------------+----+-----
Spellcasting   | 2 |  2.1
Transmutations | 2 |  2.2
Fighting       | |  0.8
Dodging        | |  1.7
Unarmed Combat | |  2.6

Action                     || total
---------------------------++-------
  Melee: Unarmed           ||    25
         Headbutt          ||     3
         Kick              ||     2
   Cast: Beastly Appendage ||     5
 Armour: Robe              ||     4
  Dodge: Dodged            ||    14

Levels and vault maps discovered:
D:1:      nagdon_arrival_zigzag_paths, layout_basic, minmay_misc_feat_x,
          minmay_heptomino_d4
D:2:      kb_forest_paths, layout_basic, uniq_terence

Notes
Turn   | Place    | Note
-------+----------+-------------------------------------------
     0 | D:1      | kae the Demigod Transmuter began the quest for the Orb.
     0 | D:1      | Reached XP level 1. HP: 15/15 MP: 5/5
     0 | D:1      | magus.rc [v1.11.3]
   180 | D:1      | Reached skill level 2 in Spellcasting
   180 | D:1      | Reached skill level 2 in Transmutations
   319 | D:1      | You fall into a shaft and drop 1 floor!
   423 | D:2      | Reached XP level 2. HP: 20/22 MP: 4/7
   463 | D:2      | HP: 4/22 [adder (4)]
   463 | D:2      | Slain by an adder

Vanquished Creatures
  2 endoplasms (D:1)
  A hobgoblin (D:1)
  3 kobolds (D:1)
  3 ball pythons
9 creatures vanquished.

Table legend:
 A = Non-vault XP
 B = Vault XP
 C = Vault XP percentage of total XP
 D = Non-vault monster count
 E = Vault monster count
 F = Vault count percentage of total count
                 A         B        C        D         E       F
            +---------+---------+-------+---------+---------+-------
      Total |      13 |       2 |  13.3 |       8 |       1 |  11.1
            +---------+---------+-------+---------+---------+-------
        D:1 |      13 |       0 |   0.0 |       8 |       0 |   0.0
        D:2 |       0 |       2 | 100.0 |       0 |       1 | 100.0
            +---------+---------+-------+---------+---------+-------

Skill      XL: |  1 |
---------------+----+-----
Spellcasting   | 2 |  2.1
Transmutations | 2 |  2.2
Fighting       | |  0.8
Dodging        | |  1.7
Unarmed Combat | |  2.6

Action                     || total
---------------------------++-------
  Melee: Unarmed           ||    25
         Headbutt          ||     3
         Kick              ||     2
   Cast: Beastly Appendage ||     5
 Armour: Robe              ||     4
  Dodge: Dodged            ||    14

Illustrated notes

Table legend:
 A = Kills in this place as a percentage of kills in the entire game.
 B = Kills by you in this place as a percentage of kills by you in the entire game.
 C = Kills by friends in this place as a percentage of kills by friends in the entire game.
 D = Other kills in this place as a percentage of other kills in the entire game.
 E = Experience gained in this place as a percentage of experience gained in the entire game.
 F = Experience gained in this place divided by the number of levels of this place that you have seen.
                   A       B       C       D       E      F
               +-------+-------+-------+-------+-------+----------------------
         Total | 100.0 | 100.0 |   N/A |   N/A | 100.0 |   7.5
       Dungeon | 100.0 | 100.0 |   N/A |   N/A | 100.0 |   7.5
               +-------+-------+-------+-------+-------+----------------------

Table legend: (Time is in decaauts)
 A = Elapsed time spent in this place.
 B = Non-inter-level travel time spent in this place.
 C = Inter-level travel time spent in this place.
 D = Time resting spent in this place.
 E = Time spent auto-exploring this place.
 F = Levels seen in this place.
 G = Mean time per level.
                   A        B        C        D        E       F      G
               +--------+--------+--------+--------+--------+-----+--------+
         Total |    460 |    460 |      0 |     20 |    375 |   2 |  230.0 |
       Dungeon |    460 |    460 |      0 |     20 |    375 |   2 |  230.0 |
               +--------+--------+--------+--------+--------+-----+--------+

Top non-repeatable levels by time:
     D:1: 317 daAuts
     D:2: 143 daAuts
